 Dungeon Crawl Stone Soup version 0.28-a0-537-g3bccd9ccbf (webtiles) character file.

Game seed: 3214617771984478914

65987 robertstho the Eclecticist (level 15, -9/106 HPs)
             Began as a Djinni Fire Elementalist on Sept 24, 2021.
             Was an Initiate of Gozag.
             Mangled by a sixfirhy (11 damage)
             ... summoned by an orange crystal statue
             ... in a Gauntlet on Sept 27, 2021.
             The game lasted 00:48:51 (28583 turns).

robertstho the Eclecticist (DjFE)                  Turns: 28583, Time: 00:48:51

Health: -9/106     AC: 15    Str:  7      XL:     15   Next: 60%
Gold:   2197       EV: 14    Int: 20 (27) God:    Gozag SH:  0 Dex: 13

rFire   + + +      SeeInvis +   I - +7 trident of the Nexus {vorpal, Int+5}
rCold   + . .      Faith    .   N - +1 buckler {rF+}
rNeg    . . .      Spirit   .   w - +2 robe of Pandemonium {+Blink rC++}
rPois   ∞          Reflect  +   V - +1 helmet {SInv}
rElec   .          Harm     .   J - +1 cloak of Mutualism {rF+}
rCorr   +          Rampage  .   q - +2 pair of gloves {Stlth+}
Will    +....      NoTele   +   (boots unavailable)
Stlth   ++........              A - amulet of reflection
HPRegen 0.27/turn               f - ring of resist corrosion
MPRegen 0.00/turn               j - +4 ring of protection

@: confused, flying
A: sickness immunity, fire resistance 2, cold vulnerability 1, float, innate
caster, hp casting, extra vitality 1, clumsy 1
a: Renounce Religion, Evoke Blink, Potion Petition, Call Merchant, Bribe Branch


You were in a Gauntlet.
You worshipped Gozag.
Gozag was most pleased with you.
You visited 3 branches of the dungeon, and saw 20 of its levels.
You also visited: Gauntlet.

You collected 5199 gold pieces.
You spent 1311 gold pieces at shops.
You paid 1691 gold pieces to Gozag.

Inventory:

Hand Weapons
 a - a +2 scimitar of flaming
 o - the +0 lajatang "Qaypp" {flame, Str+2}
   (You found it in a Gauntlet)

   It burns those it strikes, dealing additional fire damage.
   Big, fiery blades are also staple armaments of hydra-hunters.
   Str:       It affects your strength (+2).
 H - a +6 trident of venom
 I - the +7 trident of the Nexus (weapon) {vorpal, Int+5}
   (You found it on level 10 of the Dungeon)

   It inflicts extra damage upon your enemies.
   Int:       It affects your intelligence (+5).
Missiles
 e - 3 throwing nets
Armour
 d - a +2 robe of fire resistance
 q - a +2 pair of gloves of stealth (worn)
 w - the +2 robe of Pandemonium (worn) {+Blink rC++}
   (You bought it in a shop on level 6 of the Lair of Beasts)

   rC:        It greatly protects you from cold.
   +Blink:    It lets you blink.
 J - the +1 cloak of Mutualism (worn) {rF+}
   (You bought it in a shop on level 10 of the Dungeon)

   rF:        It protects you from fire.
 L - a scarf of resistance
 N - a +1 buckler of fire resistance (worn)
 T - a +0 hat of see invisible
 V - a +1 helmet of see invisible (worn)
Jewellery
 f - a ring of resist corrosion (left hand)
 j - a +4 ring of protection (right hand)
 l - a +6 ring of strength
 p - a ring of protection from fire
 u - an amulet of regeneration
 v - a ring of ice
 A - an amulet of reflection (around neck)
 O - a ring of protection from cold
 S - a ring of protection from fire
Wands
 n - a wand of flame (24)
 z - a wand of mindburst (11)
 C - a wand of acid (21)
 F - a wand of paralysis (12)
 R - a wand of digging (10)
Scrolls
 b - 4 scrolls of teleportation
 i - a scroll of enchant armour
 m - 5 scrolls of immolation
 r - a scroll of brand weapon
 y - 4 scrolls of enchant weapon
 E - a scroll of fog {unknown}
 M - a scroll of vulnerability
 Q - a scroll of holy word
Potions
 c - 4 potions of lignification
 g - a potion of berserk rage {unknown}
 h - 4 potions of brilliance
 s - 2 potions of haste
 t - a potion of cancellation {unknown}
 x - a potion of resistance {unknown}
 B - a potion of degeneration {unknown}
 D - 2 potions of flight {unknown}
 G - 5 potions of attraction {unknown}
 K - 2 potions of mutation
 U - a potion of might {unknown}
Miscellaneous
 k - a lightning rod (4/4)


   Skills:
 * Level 9.4 Fighting
 + Level 1.4 Short Blades
 + Level 2.5 Polearms
 + Level 5.5 Dodging
 + Level 4.8 Stealth
 + Level 3.2 Shields
 * Level 18.0 Spellcasting
 + Level 0.7 Evocations


You had 14 spell levels left.
You knew the following spells:

 Your Spells              Type           Power      Damage    Failure   Level
a - Foxfire               Conj/Fire      100%       2x1d9     0%          1
b - Scorch                Fire           100%       2d10      0%          2
c - Conjure Flame         Conj/Fire      74%        6-21      0%          3
d - Inner Flame           Hex/Fire       74%        N/A       0%          3
e - Flame Wave            Conj/Fire      74%        3d13      1%          4
f - Summon Small Mammal   Summ           100%       N/A       0%          1
g - Slow                  Hex            74%        N/A       0%          2
h - Passwall              Tmut/Erth      61%        N/A       0%          2
i - Ozocubu's Armour      Ice            74%        N/A       0%          3
j - Summon Ice Beast      Ice/Summ       74%        N/A       1%          4
k - Manifold Assault      Tloc           74%        N/A       1%          5
l - Summon Cactus Giant   Summ           37%        N/A       1%          6
Your spell library was empty.

Dungeon Overview and Level Annotations

Branches:
Dungeon (13/15)            Temple (1/1) D:7            Lair (6/6) D:10
  Swamp (0/4) Lair:3        Snake (0/4) Lair:3        Slime (0/5) Lair:5
    Orc (0/2) D:12        Gauntlet (1/1)
 Vaults: D:13-14

Altars:
Ashenzari
Cheibriados
Dithmenos
Elyvilon
Gozag
Hepliaklqana
Kikubaaqudgha
Makhleb
Nemelex Xobeh
Okawaru
Qazlal
Ru
Sif Muna
Trog
Uskayaw
Wu Jian
Xom
Zin
The Shining One
Jiyva

Shops:
D:3 :   D:8 =   D:10 [   D:11 *   Lair:6 [

Portals:
Abyss: Lair:6

Annotations:
D:7 Pikel
D:12 3 runed translucent doors
Lair:6 2 transporters Gauntlet 9 transporters, exclusion: orange crystal statue


Innate Abilities, Weirdness & Mutations

You are immune to sickness and miasma.
You are immune to poison.
Your flesh is very heat resistant. (rF++)
You are vulnerable to cold. (rC-)
You float through the air rather than walking.
You learn spells naturally, not from books.
Your magical power is your life essence.
You have superior vitality. (+4 HP)
You are clumsy. (Dex -2)


Message History

The orange crystal statue fixes its piercing gaze on you.
Unknown command.
Unknown command.
The sixfirhy hits you but does no damage.
The sixfirhy hits you. The sixfirhy shocks you! The sixfirhy hits you.
* * * LOW HITPOINT WARNING * * *
The sixfirhy shocks you!
* * * LOW HITPOINT WARNING * * *
The sixfirhy hits you but does no damage.
Unknown command.
The sixfirhy barely misses you. The sixfirhy closely misses you.
The sixfirhy completely misses you.
The sixfirhy hits you but does no damage.
Unknown command.
You feel less invigorated.
Unknown command.
Your cactus giant misses the sixfirhy.
The orange crystal statue fixes its piercing gaze on you.
You feel dopey. Something feeds on your intellect!
Unknown command.
The sixfirhy misses you.
The sixfirhy hits you but does no damage.
The sixfirhy hits you.
* * * LOW HITPOINT WARNING * * *
The sixfirhy shocks you!
* * * LOW HITPOINT WARNING * * *
The orange crystal statue glitters.
You are more confused.
Your cactus giant appears confused.
Your cactus giant is no longer moving slowly.
The sixfirhy hits you.
* * * LOW HITPOINT WARNING * * *
The sixfirhy shocks you!
* * * LOW HITPOINT WARNING * * *
The sixfirhy hits you.
* * * LOW HITPOINT WARNING * * *
The sixfirhy shocks you!
You die...
Your body crumbles into a pile of gold.

##≈....#©....©....©#..
#≈≈.##################
##≈.#.##.##8#.#.......
##.##..#..##.#.......
##≈.##.##.###.#.#####.
#≈≈.#.#BB#..#.#...©...
##≈.###B##.##.#Y#####.
##.#C3#B.#.#.#9......
##≈.#@##©##.#.#9.=©$:.
#≈≈.#########.########
##≈...................
##.P♣P..♣...♣..P♣P...
##≈...............P...
#≈≈≈#≈≈≈#≈≈≈#≈≈≈#..♣..
##≈###≈###≈###≈###....
### ### ### ### #####
.......


You could see an orange crystal statue, a sixfirhy (summoned, ally target), 4
death scarabs and a friendly cactus giant (summoned, confused).

Vanquished Creatures
  Kirke (Lair:5)
  7 hydras
  Erolcha (D:12)
  Fannar (D:12)
  2 boulder beetles (D:11)
  2 catoblepae (Lair:6)
  Erica (Lair:1)
  4 two-headed ogres
  Urug (Lair:5)
  14 death yaks (Lair:6)
  Sonja (Lair:2)
  An orange crystal statue (Lair:2)
  2 bog bodies (Lair:3)
  2 ugly things
  3 manticores
  3 cyclopes
  A centaur zombie (D:10)
  4 black mambas
  2 unseen horrors
  3 rime drakes
  8 cane toads
  A kobold demonologist (D:9)
  A torpor snail (Lair:6)
  11 komodo dragons
  3 trolls
  2 polar bears (Lair:6)
  3 hornets
  Grinder (D:3)
  5 slime creatures (D:12)
  5 blink frogs (Lair:2)
  5 dream sheep (Lair:6)
  Sigmund (D:2)
  A wraith (D:11)
  4 basilisks
  3 wyverns
  5 hogs (Lair:5)
  A fire elemental (D:11)
  78 yaks
  2 golden eyes (Gauntlet)
  A steam dragon (D:9)
  2 nagas (Lair:3)
  3 wargs (D:12)
  14 water moccasins
  An acid dragon (D:11)
  4 orc warriors
  An ice beast (D:4)
  4 black bears
  7 centaurs
  18 wolves
  3 ogres
  3 phantoms
  Blork the orc (D:5)
  2 lemures (D:7)
  5 kobold brigands
  10 bullfrogs
  2 scorpions
  3 killer bees (D:10)
  3 electric eels (Lair:3)
  A bullfrog zombie (D:6)
  2 hounds
  4 orc priests
  Jessica (D:2)
  Ijyb (D:3)
  Terence (D:3)
  3 iguanas
  10 orc wizards
  A killer bee zombie (D:7)
  A hound skeleton (D:5)
  Robin (D:2)
  5 adders
  2 white imps
  5 worms
  5 dart slugs
  53 orcs
  8 endoplasms
  A giant cockroach (D:4)
  19 goblins
  10 hobgoblins
  13 jackals
  19 kobolds
  3 quokkas
  8 ball pythons
  2 bats (D:1)
  4 frilled lizards
  6 rats
472 creatures vanquished.

Vanquished Creatures (collateral kills)
  Azrael (D:12)
  A slime creature (D:12)
  A catoblepas (Lair:6)
  A hydra (Lair:5)
  A two-headed ogre (D:11)
  A fire crab (Gauntlet)
  A shining eye (Gauntlet)
  A rime drake (Lair:5)
  A troll (D:12)
  2 fire elementals (D:12)
  5 yaks
  3 fire bats (Gauntlet)
  An acid dragon (D:12)
  A water moccasin (Lair:3)
  2 hell hounds (D:12)
  2 lava snakes (Lair:2)
  7 foxfires
32 creatures vanquished.

Vanquished Creatures (others)
  A goblin (D:2)
  1276 foxfires
  34 fungi
  57 plants
1368 creatures vanquished.

Grand Total: 1872 creatures vanquished

Notes
Turn   | Place    | Note
-------+----------+-------------------------------------------
     0 | D:1      | robertstho the Djinni Fire Elementalist began the quest for
                  | the Orb.
     0 | D:1      | Reached XP level 1. HP: 15/15 MP: 0/0
     2 | D:1      | Noticed a formicid
     2 | D:1      | Noticed a demonspawn
     4 | D:1      | Noticed a merfolk
     6 | D:1      | Noticed a human
     8 | D:1      | Noticed an ogre
     8 | D:1      | Noticed a dwarf
    10 | D:1      | Noticed an octopode
    12 | D:1      | Noticed a ghoul
    12 | D:1      | Noticed a demigod
    14 | D:1      | Noticed an elf
    14 | D:1      | Noticed a spriggan
    16 | D:1      | Noticed a naga
    16 | D:1      | Noticed a vine stalker
    18 | D:1      | Noticed a draconian
    18 | D:1      | Noticed a tengu
    20 | D:1      | Noticed a troll
    22 | D:1      | Noticed a gargoyle
    22 | D:1      | Noticed a vampire
    24 | D:1      | Noticed a minotaur
    24 | D:1      | Noticed a felid
   401 | D:1      | Reached XP level 2. HP: 19/21 MP: 0/0
   873 | D:1      | Reached skill level 3 in Spellcasting
  1124 | D:1      | Reached XP level 3. HP: 22/25 MP: 0/0
  1124 | D:1      | Learned a level 1 spell: Summon Small Mammal
  2285 | D:2      | Reached XP level 4. HP: 29/31 MP: 0/0
  2319 | D:2      | Noticed Sigmund
  2328 | D:2      | Killed Sigmund
  2329 | D:2      | Reached skill level 1 in Fighting
  2329 | D:2      | Reached skill level 4 in Spellcasting
  2329 | D:2      | Reached XP level 5. HP: 16/37 MP: 0/0
  2329 | D:2      | Learned a level 2 spell: Slow
  2329 | D:2      | Reached XP level 6. HP: 18/42 MP: 0/0
  2515 | D:2      | Noticed Jessica
  2518 | D:2      | Killed Jessica
  2551 | D:2      | Noticed Robin
  2566 | D:2      | Killed Robin
  3798 | D:3      | Noticed Terence
  3803 | D:3      | Reached skill level 5 in Spellcasting
  3811 | D:3      | Killed Terence
  4151 | D:3      | Found a faded altar of an unknown god.
  4226 | D:3      | Found Kitoij's Book Emporium.
  4256 | D:3      | Reached XP level 7. HP: 18/47 MP: 0/0
  4256 | D:3      | Learned a level 2 spell: Passwall
  4525 | D:3      | Noticed Ijyb
  4531 | D:3      | Killed Ijyb
  4633 | D:3      | Noticed Grinder
  4641 | D:3      | Killed Grinder
  4785 | D:3      | Found a sparkling altar of Nemelex Xobeh.
  4962 | D:4      | Reached skill level 6 in Spellcasting
  5342 | D:4      | Reached XP level 8. HP: 52/55 MP: 0/0
  5828 | D:5      | Entered Level 5 of the Dungeon
  5957 | D:5      | Found a stormy altar of Qazlal.
  6185 | D:5      | Found a burning altar of Makhleb.
  6185 | D:5      | Found a glowing golden altar of the Shining One.
  6185 | D:5      | Found a shadowy altar of Dithmenos.
  6464 | D:5      | Reached skill level 7 in Spellcasting
  6924 | D:5      | Noticed Blork the orc
  6932 | D:5      | Killed Blork the orc
  7414 | D:6      | Reached XP level 9. HP: 50/60 MP: 0/0
  7414 | D:6      | Learned a level 3 spell: Ozocubu's Armour
  7693 | D:6      | Reached skill level 8 in Spellcasting
  8934 | D:7      | Reached skill level 1 in Short Blades
  9350 | D:7      | Found a staircase to the Ecumenical Temple.
  9366 | D:7      | Noticed Pikel
  9376 | Temple   | Entered the Ecumenical Temple
  9389 | Temple   | Became a worshipper of Gozag Ym Sagoz the Greedy
  9770 | D:7      | Noticed a hornet
  9779 | D:7      | Killed a hornet
 10001 | D:7      | You are sucked into a shaft and drop 1 floor!
 10233 | D:8      | Found a broken altar of Ashenzari.
 10290 | D:8      | Found a glowing silver altar of Zin.
 10605 | D:8      | Reached skill level 9 in Spellcasting
 10742 | D:8      | Found Fushri's Jewellery Emporium.
 10772 | D:8      | Noticed a skeletal warrior
 10774 | D:8      | Noticed a skeletal warrior
 10823 | D:9      | Noticed a hornet
 10832 | D:9      | Killed a hornet
 10833 | D:9      | Reached XP level 10. HP: 44/69 MP: 0/0
 11001 | D:9      | Noticed a two-headed ogre
 11287 | D:9      | Noticed a kobold demonologist
 11296 | D:9      | Noticed a soul eater
 11298 | D:9      | Killed a kobold demonologist
 11421 | D:9      | Killed a two-headed ogre
 11422 | D:9      | Reached skill level 10 in Spellcasting
 12131 | D:9      | Reached skill level 5 in Fighting
 12132 | D:9      | Reached skill level 1 in Shields
 12137 | D:9      | Reached skill level 11 in Spellcasting
 12137 | D:9      | Reached XP level 11. HP: 35/76 MP: 0/0
 12137 | D:9      | Learned a level 4 spell: Summon Ice Beast
 12891 | D:10     | Entered Level 10 of the Dungeon
 12990 | D:10     | Noticed a two-headed ogre
 13001 | D:10     | Killed a two-headed ogre
 13077 | D:10     | Identified the +7 trident of the Nexus {vorpal, Int+5}
 13149 | D:10     | Bought a spiked cloak for 323 gold pieces
 13149 | D:10     | Identified the +1 cloak of Mutualism {rF+} (You bought it
                  | in a shop on level 10 of the Dungeon)
 13155 | D:10     | Reached skill level 12 in Spellcasting
 13388 | D:10     | Found a bloodstained altar of Trog.
 13690 | D:10     | Found a staircase to the Lair.
 13877 | D:11     | Noticed a manticore
 13891 | D:11     | Killed a manticore
 13977 | D:11     | Noticed a purple ugly thing
 13980 | D:11     | Noticed a two-headed ogre
 13987 | D:11     | Killed a purple ugly thing
 13991 | D:11     | Killed a two-headed ogre
 14135 | D:11     | Noticed a two-headed ogre
 14140 | D:11     | Killed a two-headed ogre
 14141 | D:11     | Reached XP level 12. HP: 47/83 MP: 0/0
 14322 | D:11     | Noticed a boulder beetle
 14343 | D:11     | Killed a boulder beetle
 14595 | D:11     | Reached skill level 13 in Spellcasting
 14816 | D:11     | Noticed a two-headed ogre
 14820 | D:11     | Killed a two-headed ogre
 14881 | D:11     | Found Vaemacu's Hallowed Reliquary.
 14884 | D:11     | Noticed an angel
 14893 | D:11     | Bought a scroll of holy word for 82 gold pieces
 14893 | D:11     | Bought a potion of heal wounds for 55 gold pieces
 14893 | D:11     | Bought a potion of heal wounds for 55 gold pieces
 14893 | D:11     | Bought a potion of curing for 33 gold pieces
 14913 | D:11     | Noticed a boulder beetle
 14935 | D:11     | Killed a boulder beetle
 15698 | D:12     | Noticed Azrael
 15971 | Lair:1   | Entered Level 1 of the Lair of Beasts
 16000 | Lair:1   | Noticed Erica
 16010 | Lair:1   | Killed Erica
 16437 | Lair:1   | Reached skill level 14 in Spellcasting
 17197 | Lair:1   | Noticed an eight-headed hydra
 17206 | Lair:1   | Killed an eight-headed hydra
 17207 | Lair:1   | Reached skill level 1 in Polearms
 17207 | Lair:1   | Reached XP level 13. HP: 82/90 MP: 0/0
 17207 | Lair:1   | Learned a level 5 spell: Manifold Assault
 17266 | Lair:1   | Noticed a seven-headed hydra
 17273 | Lair:1   | Killed a seven-headed hydra
 17764 | Lair:2   | You are sucked into a shaft and drop 1 floor!
 18124 | Lair:3   | Found a staircase to the Swamp.
 18440 | Lair:3   | Found a staircase to the Snake Pit.
 18640 | Lair:3   | You are sucked into a shaft and drop 1 floor!
 18970 | Lair:4   | Found an ornate altar of the Wu Jian Council.
 19004 | Lair:4   | Noticed a seven-headed hydra
 19011 | Lair:4   | Killed a seven-headed hydra
 19012 | Lair:4   | Reached skill level 15 in Spellcasting
 19414 | Lair:4   | Upgraded the game from 0.28-a0-529-g3bad584f25 to
                  | 0.28-a0-537-g3bccd9ccbf
 19942 | Lair:5   | Noticed an eight-headed hydra
 19948 | Lair:5   | Noticed Urug
 19953 | Lair:5   | Killed an eight-headed hydra
 20395 | Lair:5   | Noticed Kirke
 20404 | Lair:5   | Killed Urug
 20404 | Lair:5   | Killed Kirke
 20810 | Lair:5   | Found a viscous altar of Jiyva.
 20811 | Lair:5   | Found a staircase to the Slime Pits.
 20962 | Lair:6   | Entered Level 6 of the Lair of Beasts
 20973 | Lair:6   | Reached XP level 14. HP: 78/97 MP: 0/0
 21272 | Lair:6   | Reached skill level 16 in Spellcasting
 22531 | Lair:6   | Found a transporter.
 22536 | Lair:6   | Found a transporter.
 22576 | Lair:6   | Found a one-way gate to the infinite horrors of the Abyss.
 22726 | Lair:6   | HP: 4/99 [catoblepas (2)]
 23073 | Lair:6   | Reached skill level 17 in Spellcasting
 23076 | Lair:6   | Reached skill level 5 in Dodging
 23497 | Lair:6   | Reached XP level 15. HP: 56/104 MP: 0/0
 23497 | Lair:6   | Learned a level 6 spell: Summon Cactus Giant
 23794 | Lair:6   | Identified the ring of Coci {rCorr Str-5 Int+6 Dex+5}
 24357 | Lair:6   | Bought a silken robe for 205 gold pieces
 24357 | Lair:6   | Identified the +2 robe of Pandemonium {+Blink rC++} (You
                  | bought it in a shop on level 6 of the Lair of Beasts)
 24357 | Lair:6   | Bought a runed scarf for 288 gold pieces
 24357 | Lair:6   | Bought a runed helmet for 270 gold pieces
 25002 | Lair:2   | Noticed Sonja
 25008 | Lair:2   | Killed Sonja
 26186 | D:12     | Noticed Erolcha
 26198 | D:12     | Killed Erolcha
 26500 | D:12     | Noticed Fannar
 26511 | D:12     | Killed Fannar
 27127 | D:12     | Found a staircase to the Orcish Mines.
 27565 | D:12     | Killed Azrael
 27686 | D:12     | Found a runed translucent door.
 27688 | D:12     | Found a runed translucent door.
 27756 | D:12     | Found a runed translucent door.
 27898 | D:13     | Found a gate leading to a gauntlet.
 27912 | Gauntlet | Entered a Gauntlet
 27912 | Gauntlet | Found a transporter.
 27923 | Gauntlet | Found a transporter.
 27925 | Gauntlet | Found a transporter.
 27936 | Gauntlet | Found a transporter.
 27939 | Gauntlet | Found a transporter.
 27947 | Gauntlet | Found a transporter.
 27968 | Gauntlet | Found a transporter.
 27979 | Gauntlet | Found a transporter.
 27991 | Gauntlet | Found a transporter.
 28010 | Gauntlet | Found a transporter.
 28024 | Gauntlet | Found a transporter.
 28024 | Gauntlet | Found a transporter.
 28073 | Gauntlet | Found a transporter.
 28087 | Gauntlet | Found a transporter.
 28397 | Gauntlet | Gained mutation: You are clumsy. (Dex -2) [a shining eye]
 28430 | Gauntlet | Reached skill level 18 in Spellcasting
 28531 | Gauntlet | Identified the +0 lajatang "Qaypp" {flame, Str+2}
 28583 | Gauntlet | HP: 4/106 [sixfirhy[an orange crystal statue] (10)]
 28583 | Gauntlet | Mangled by a sixfirhy

Illustrated notes

Levels and vault maps discovered:
D:1:      kb_arrival_jail, layout_loops_cross
D:2:      cheibrodos_helix_gallery, layout_basic, uniq_sigmund, uniq_jessica,
          uniq_robin
D:3:      kennysheep_the_goblin_king, layout_rooms,
          nemelex_xobeh_ov_fountains_minmay, serial_shops, shop,
          hellmonk_ecumenical_altar_inner_sanctum, uniq_grinder, uniq_terence,
          uniq_ijyb
D:4:      layout_rooms
D:5:      layout_loops_corners, mainiacjoe_overflow_alcove_2,
          gammafunk_temple_overflow_claw, uniq_blork_the_orc
D:6:      layout_basic, st_stairs_1
D:7:      layout_basic, temple_pool_b, serial_shops, nicolae_shop_behind_doors,
          bh_walls_and_bars, uniq_pikel, uniq_crazy_yiuf_cottage
D:8:      layout_basic, yredelemnul_forgotten_temple_becter, marbit_many_paths,
          zin_statuary, serial_shops, nicolae_diamond_shop, minmay_fountain_box
D:9:      layout_loops_ring, general_overflow_altar
D:10:     layout_small_grid, lightli_temple_of_fire, lemuel_doored_altar,
          lair_entry_dummy
D:11:     layout_long_grid, nicolae_good_shop
D:12:     layout_small_grid, minmay_orc_entry_guard_dogs, mikee_hates_you,
          uniq_erolcha, uniq_fannar, uniq_azrael
D:13:     minmay_the_grid_square_5x5_5x5_mashed
          [minmay_the_grid_square_5x5_gyroscope,
          minmay_the_grid_square_5x5_shrine2, minmay_the_grid_square_5x5_tie,
          minmay_the_grid_square_5x5_hourglass, minmay_the_grid_square_5x5_mess,
          minmay_the_grid_square_5x5_spiral_small,
          minmay_the_grid_square_5x5_prize_open,
          minmay_the_grid_square_5x5_detours,
          minmay_the_grid_square_5x5_prize_open,
          minmay_the_grid_square_5x5_n_small,
          minmay_the_grid_square_5x5_shuriken, minmay_the_grid_square_5x5_bite,
          minmay_the_grid_square_5x5_prize_deathbox,
          minmay_the_grid_square_5x5_c, minmay_the_grid_square_5x5_corner,
          minmay_the_grid_square_5x5_n,
          minmay_the_grid_square_5x5_prize_monsterx,
          minmay_the_grid_square_5x5_three_small,
          minmay_the_grid_square_5x5_prize_gold,
          minmay_the_grid_square_5x5_three_walls,
          minmay_the_grid_square_5x5_dogpile,
          minmay_the_grid_square_5x5_sharp_hourglass,
          minmay_the_grid_square_5x5_pentomino_r,
          minmay_the_grid_square_5x5_almost_minimal,
          minmay_the_grid_square_5x5_checkered], layout_gridville,
          gauntlet_entry_generic, trove_entry_hex_spiral, jiyva_altar_1
Temple:   pf_slimified_temple
Lair:1:   layout_cave_pods, nicolae_volcano_entry_two_sided,
          beast_lair_carwin_10, uniq_erica
Lair:2:   layout_regular_city, minivault_27, st_stairs_4, disabler_island,
          uniq_sonja
Lair:3:   layout_roguey, skrybe_swamp_entry_bodies, guppyfry_snake_entry_garden,
          serial_bayou_shore_a
Lair:4:   layout_cave_pods, basic_altar
Lair:5:   layout_cave_shapes, dpeg_slime_entry_enclosed_altar, uniq_urug,
          uniq_kirke
Lair:6:   evilmike_catoblepas_cave, layout_regular_city,
          gammafunk_ghost_abyssal_escape, lemuel_fruit_tree
Gauntlet: minmay_gauntlet_77_tree [minmay_gauntlet_arena_77_hold_the_fort,
          minmay_gauntlet_arena_77_mess, minmay_gauntlet_arena_77_checkered,
          minmay_gauntlet_arena_77_double_cross,
          minmay_gauntlet_arena_77_terracotta_army,
          minmay_gauntlet_arena_77_chump_sandwich,
          minmay_gauntlet_arena_77_tiled_triplets, gauntlet_exit_hidden_loot]

Skill      XL: |  1  2  3  4  5  6  7  8  9 10 11 12 13 14 15 |
---------------+----------------------------------------------+-----
Spellcasting   | 3 4 5 6 7 9 11 12 14 15 17 18 | 18.0
Fighting       | 1 2 3 4 5 6 7 8 9 |  9.4
Stealth        | 2 3 4 |  4.8
Dodging        | 3 4 5 |  5.5
Short Blades   | 1 |  1.4
Shields        | 1 2 3 |  3.2
Polearms       | 1 2 |  2.5
Evocations     | |  0.7

Action                   |  1- 3 |  4- 6 |  7- 9 | 10-12 | 13-15 || total
-------------------------+-------+-------+-------+-------+-------++-------
Melee: Unarmed           |     2 |       |       |       |       ||     2
       Dagger            |       |    27 |    32 |     3 |       ||    62
       Trident           |       |       |       |    15 |    56 ||    71
 Cast: Foxfire           |    78 |    26 |   147 |   167 |   301 ||   719
       Scorch            |    14 |    29 |   105 |   118 |   131 ||   397
       Flame Wave        |       |     1 |     8 |    17 |    65 ||    91
       Slow              |       |       |     1 |     1 |       ||     2
       Conjure Flame     |       |       |     1 |       |       ||     1
       Summon Ice Beast  |       |       |       |    11 |    23 ||    34
       Ozocubu's Armour  |       |       |       |     3 |     5 ||     8
       Summon Cactus Gia |       |       |       |       |    16 ||    16
Invok: Call Merchant     |       |       |       |     1 |     1 ||     2
Evoke: Wand              |       |       |       |       |    12 ||    12
  Use: Scroll            |     1 |       |       |    10 |     9 ||    20
       Potion            |       |     1 |     2 |     1 |    15 ||    19
 Stab: Sleeping          |       |     1 |     2 |       |     5 ||     8
       Distracted        |       |       |     1 |       |     1 ||     2
Armor: Robe              |     1 |    11 |    26 |    23 |    55 ||   116
Dodge: Dodged            |     4 |    36 |    49 |    49 |   102 ||   240
Block: Buckler           |       |       |    20 |    51 |    73 ||   144
       Reflection        |       |       |       |     7 |     4 ||    11

Table legend: (Time is in decaauts)
 A = Elapsed time spent in this place.
 B = Non-inter-level travel time spent in this place.
 C = Inter-level travel time spent in this place.
 D = Time resting spent in this place.
 E = Time spent auto-exploring this place.
 F = Levels seen in this place.
 G = Mean time per level.
                   A        B        C        D        E       F      G
               +--------+--------+--------+--------+--------+-----+--------+
         Total |  28549 |  27800 |    749 |   3342 |  21231 |  21 | 1359.5 |
       Dungeon |  18090 |  17574 |    516 |   1913 |  13857 |  13 | 1391.5 |
        Temple |     26 |     13 |     13 |      0 |      4 |   1 |   26.0 |
          Lair |   9759 |   9539 |    220 |   1429 |   6982 |   6 | 1626.5 |
      Gauntlet |    672 |    672 |      0 |      0 |    387 |   1 |  672.0 |
               +--------+--------+--------+--------+--------+-----+--------+

Top non-repeatable levels by time:
  Lair:6: 3261 daAuts
    D:11: 2768 daAuts
     D:9: 2067 daAuts
     D:2: 2026 daAuts
     D:1: 1770 daAuts
  Lair:1: 1651 daAuts
     D:5: 1562 daAuts
     D:6: 1524 daAuts
    D:12: 1400 daAuts
  Lair:2: 1397 daAuts
  Lair:4: 1300 daAuts
  Lair:5: 1243 daAuts
     D:3: 1158 daAuts
     D:7: 1061 daAuts
    D:10: 1008 daAuts
